 Dungeon Crawl Stone Soup version 0.20-a0-495-g2241292 (webtiles) character file.

207 junb69 the Insei (level 5, -10/30 HPs)
             Began as a Vine Stalker Monk on Jan 18, 2017.
             Killed from afar by Ijyb (17 damage)
             ... with a wand of lightning (?/15)
             ... on level 3 of the Dungeon.
             The game lasted 00:06:45 (2995 turns).

junb69 the Insei (Vine Stalker Monk)                Turns: 2995, Time: 00:06:46

Health: -10/30     AC:  6    Str: 13 (14) XL:     5   Next: 85%
Magic:  0/6        EV: 11    Int:  8 (10) God:
Gold:   203        SH:  0    Dex: 17      Spells: 4/4 levels left

rFire    . . .     SeeInvis .     - Unarmed
rCold    . . .     Gourm    .   f - +0 ring mail
rNeg     . . .     Faith    .   (no shield)
rPois    .         Spirit   +   n - +0 helmet (curse)
rElec    .         Reflect  .   (no cloak)
rCorr    +         Harm     .   (no gloves)
MR       .....                  (no boots)
Stlth    ++........             (no amulet)
Regen    0.5/turn               e - ring of resist corrosion
                                c - ring of flight

@: no status effects
A: fangs 2, regeneration 1, magic shield, antimagic bite, no potion heal 3, rot
immunity
a: Evoke Flight


You were on level 3 of the Dungeon.
You were not hungry.

You visited 1 branch of the dungeon, and saw 3 of its levels.

You collected 203 gold pieces.

Inventory:

Armour
 f - a +0 ring mail (worn)
 n - a cursed +0 helmet (worn)
Jewellery
 c - a ring of flight (left hand)
 e - a ring of resist corrosion (right hand)
Scrolls
 a - 3 scrolls of blinking {unknown}
 d - a scroll of fear {unknown}
 h - a scroll of amnesia {unknown}
 j - 2 scrolls of teleportation {unknown}
 k - a scroll of remove curse {unknown}
 l - 2 scrolls of identify {unknown}
Potions
 g - a potion of brilliance {unknown}
Books
 i - a book of Debilitation

   Spells                             Type                      Level
   a - Corona                         Hexes                        1
   b - Slow                           Hexes                        2
   c - Gell's Gravitas                Hexes/Translocation          3
   d - Inner Flame                    Hexes/Fire                   3
   e - Cause Fear                     Hexes                        4
   f - Leda's Liquefaction            Hexes/Earth                  4
Comestibles
 b - 2 bread rations
 m - 13 chunks of flesh


   Skills:
 * Level 4.5 Fighting
 - Level 2.4 Dodging
 - Level 2.4 Stealth
 * Level 4.8 Unarmed Combat


You had 4 spell levels left.
You didn't know any spells.

Dungeon Overview and Level Annotations

Branches:
Dungeon (3/15)

Altars:
Dithmenos
Okawaru
Sif Muna
Xom

Annotations:
D:3 Ijyb


Innate Abilities, Weirdness & Mutations

You have extremely sharp teeth.
Your natural rate of healing is unusually fast.
When hurt, damage is shared between your health and your magic reserves.
Your bite disrupts and absorbs the magic of your enemies.
Potions cannot restore your health.
You are immune to rotting.


Message History

You barely miss the goblin. You punch the goblin.
You kill the goblin!
You see here the felid corpse of Natasha.
You butcher the felid corpse of Natasha.
m - 10 chunks of flesh (gained 2)
You see here the felid skeleton of Natasha.
You see here a goblin corpse.
You butcher the goblin corpse.
m - 13 chunks of flesh (gained 3) Magic restored.
HP restored.
A rat and Ijyb come into view.
Ijyb zaps a wand.
The bolt of lightning hits the rat.
The rat dies!
The bolt of lightning hits you!
It is a wand of lightning (?/15).
Ijyb zaps a wand.
The bolt of lightning hits you!
* * * LOW HITPOINT WARNING * * *
Ijyb zaps a wand.
The bolt of lightning hits you!
Ouch! That really hurt!
You die...

#..........# #..........#
#..........# ###
######.)........#
..####..##..###.################
.....#.....####.# #.........#
................# #.........#
.....#....############.........#
.....#..........@..............#
###.#......###########.g.......#
#.#.......#.....####....†....#
###.....###.#.#................#
#.......###..>....##############
.>................##
.............#>....#
.........##......#.#
.........##......#§#


You could see Ijyb.

Vanquished Creatures
  Natasha (twice) (D:3)
  Robin (D:3)
  2 adders
  4 gnolls
  An ooze (D:1)
  2 worms (D:2)
  3 leopard geckos
  5 giant cockroaches
  8 hobgoblins
  A quokka (D:2)
  2 ball pythons
  3 bats
  10 frilled lizards
  19 goblins
  5 kobolds
  19 rats
87 creatures vanquished.

Vanquished Creatures (others)
  A rat (D:3)
1 creature vanquished.

Grand Total: 88 creatures vanquished

Notes
Turn   | Place    | Note
-------+----------+-------------------------------------------
     0 | D:1      | junb69 the Vine Stalker Monk began the quest for the Orb.
     0 | D:1      | Reached XP level 1. HP: 11/11 MP: 2/2
   683 | D:1      | Reached XP level 2. HP: 16/16 MP: 3/3
  1254 | D:1      | Reached XP level 3. HP: 16/20 MP: 2/4
  1587 | D:2      | Found a shimmering altar of Xom.
  1590 | D:2      | Found a shimmering altar of Xom.
  1590 | D:2      | Found a shimmering altar of Xom.
  1590 | D:2      | Found a shimmering altar of Xom.
  1590 | D:2      | Found a shimmering altar of Xom.
  1600 | D:2      | Found a shimmering altar of Xom.
  1729 | D:2      | Gained mutation: Your natural rate of healing is unusually fast. [Vine Stalker growth]
  1729 | D:2      | Reached XP level 4. HP: 25/25 MP: 5/5
  1858 | D:2      | Found an iron altar of Okawaru.
  2148 | D:3      | Noticed Natasha
  2158 | D:3      | Killed Natasha
  2248 | D:2      | Reached XP level 5. HP: 26/29 MP: 6/6
  2291 | D:3      | Found a shadowy altar of Dithmenos.
  2304 | D:3      | Noticed Natasha
  2479 | D:3      | Found a deep blue altar of Sif Muna.
  2793 | D:3      | Noticed Robin
  2823 | D:3      | Killed Robin
  2956 | D:3      | Killed Natasha
  2985 | D:3      | Noticed Ijyb
  2995 | D:3      | Killed from afar by Ijyb

Vault maps used:
D:1:      erik_arrival_orb_chamber, minmay_misc_feat_chi, minmay_lizard_king
D:2:      lemuel_round_altar, xom_redecorated
D:3:      nicolae_overflow_crystal_walls, grunt_dithmenos_smoke, uniq_robin,
          uniq_iyjb, uniq_natasha

Skill      XL: |  1  2  3  4 |
---------------+-------------+-----
Fighting       | 3 4 |  4.5
Unarmed Combat | 4 |  4.8
Dodging        | |  2.4
Stealth        | |  2.4

Action                   |  1- 3 |  4- 6 || total
-------------------------+-------+-------++-------
Melee: Unarmed           |   121 |   122 ||   243
       Bite              |    27 |    29 ||    56
       Punch             |       |     2 ||     2
  Use: Potion            |       |     2 ||     2
 Stab: Sleeping          |     2 |       ||     2
  Eat: Chunk             |     3 |     4 ||     7
Armor: Robe              |    10 |       ||    10
       Ring mail         |    33 |    28 ||    61
Dodge: Dodged            |    94 |    68 ||   162
